 Dungeon Crawl Stone Soup version 0.20.1-1-g8b1a95d (webtiles) character file.

833 Danqa the Chopper (level 7, 0/61 HPs)
             Began as a Hill Orc Fighter on Oct 2, 2017.
             Was an Initiate of Beogh.
             Succumbed to a worker ant's poison
             ... on level 6 of the Dungeon.
             The game lasted 00:08:55 (3470 turns).

Danqa the Chopper (Hill Orc Fighter)                Turns: 3470, Time: 00:08:56

Health: 0/61       AC:  7    Str: 21    XL:     7   Next: 98%
Magic:  16/16      EV: 10    Int:  8    God:    Beogh [......]
Gold:   286        SH: 10    Dex: 10    Spells: 6/6 levels left

rFire    . . .     SeeInvis +   y - +0 hand axe (chop)
rCold    . . .     Gourm    .   c - +0 shield
rNeg     . . .     Faith    .   d - +0 troll leather armour {Purgy}
rPois    .         Spirit   .   q - +0 helmet
rElec    .         Reflect  .   (no cloak)
rCorr    .         Harm     .   v - +0 pair of gloves
MR       .....                  (no boots)
Stlth    +.........             (no amulet)
Regen    0.6/turn               g - ring of see invisible
MPRegen  0.2/turn               l - ring of magical power

@: lethally poisoned (0 -> 0)
A: no striking features
a: Renounce Religion


You were on level 6 of the Dungeon.
You worshipped Beogh.
Beogh was noncommittal.
You were hungry.

You visited 1 branch of the dungeon, and saw 6 of its levels.

You collected 286 gold pieces.

Inventory:

Hand Weapons
 a - a +0 war axe
 y - a +0 hand axe of chopping (weapon)
Armour
 b - a +0 scale mail
 c - a +0 shield (worn)
 d - a +0 troll leather armour (worn) {Purgy}
 q - a +0 helmet (worn)
 v - a +0 pair of gloves (worn)
Jewellery
 e - an uncursed ring of magical power
 g - a ring of see invisible (left hand)
 l - a ring of magical power (right hand)
Scrolls
 h - 5 scrolls of identify {unknown}
 i - 2 scrolls of enchant armour {unknown}
 m - a scroll of fear {unknown}
 o - 4 scrolls of teleportation {unknown}
 r - a scroll of noise {unknown}
 s - a scroll of immolation {unknown}
 t - 2 scrolls of enchant weapon {unknown}
 w - 3 scrolls of remove curse {unknown}
 x - a scroll of recharging {unknown}
 B - 3 scrolls of magic mapping {unknown}
Potions
 j - a potion of ambrosia {unknown}
 k - a potion of experience {unknown}
 p - 2 potions of haste {unknown}
 u - 2 potions of brilliance {unknown}
 z - a potion of lignification {unknown}
 A - a potion of heal wounds {unknown}
Comestibles
 f - 3 bread rations
 n - 3 fruits
 C - 2 royal jellies
 D - a meat ration
 E - 2 chunks of flesh


   Skills:
 + Level 5.0 Fighting
 + Level 7.4 Axes
 + Level 4.7 Armour
 + Level 2.3 Dodging
 + Level 1.0 Stealth
 + Level 5.5 Shields


You had 6 spell levels left.
You didn't know any spells.

Dungeon Overview and Level Annotations

Branches:
Dungeon (6/15)
 Temple: D:4-7

Altars:
Kikubaaqudgha
Makhleb
Qazlal
Trog
Vehumet
Zin

Shops:
D:4 *

Annotations:
D:6 Prince Ribbit


Message History

There is a stone staircase leading up here.
A bullfrog comes into view.
You feel sick.
The bullfrog gives a loud, deep croak!
Prince Ribbit hops awkwardly around.
Found an escape hatch in the floor.
A centaur comes into view.
Prince Ribbit blinks!
The centaur wields a shortbow.
The centaur shoots an arrow.
The arrow hits you.
* * * LOW HITPOINT WARNING * * *
You see here an arrow.
You feel sick.
The centaur shoots an arrow.
The arrow barely misses you.
Found 13 gold pieces.
The centaur shoots an arrow.
The arrow hits you.
* * * LOW HITPOINT WARNING * * *
The centaur shoots an arrow.
You block the arrow. The worker ant barely misses you.
Found 18 gold pieces.
You see here an arrow.
You die...

#............
..##............
#...............
#..#...........
#..#...........
.####....#.F[[.....
.........#<....# .
#..#.(..###.##
#...##@.a.(......#
#......(##F......#
.......#.##.........
.#.......$..........
....................
........$.c....##...
.#......>....... ...
#..........#####
...####.#..


You could see Prince Ribbit, a bullfrog, a centaur and a worker ant.

Vanquished Creatures
  Purgy (D:3)
  An ice beast (D:5)
  A phantom (D:4)
  An ogre (D:4)
  2 howler monkeys
  A jelly (D:5)
  Terence (D:2)
  An iguana (D:5)
  Natasha (thrice) (D:3)
  2 worker ants
  A hound zombie (D:5)
  Robin (D:2)
  6 adders
  2 worms
  5 dart slugs
  2 leopard geckos (D:4)
  7 orcs
  2 ball pythons
  5 bats
  3 giant cockroaches
  13 goblins
  8 hobgoblins
  4 jackals (D:2)
  6 kobolds
  3 quokkas
  4 frilled lizards
  A leopard gecko zombie (D:5)
  3 rats
90 creatures vanquished.

Vanquished Creatures (others)
  An orc priest (D:5)
  An orc (D:5)
2 creatures vanquished.

Grand Total: 92 creatures vanquished

Notes
Turn   | Place    | Note
-------+----------+-------------------------------------------
     0 | D:1      | Danqa the Hill Orc Fighter began the quest for the Orb.
     0 | D:1      | Reached XP level 1. HP: 19/19 MP: 1/1
   119 | D:1      | Reached XP level 2. HP: 25/27 MP: 2/2
   490 | D:1      | Reached skill level 3 in Axes
   635 | D:1      | Reached XP level 3. HP: 33/33 MP: 3/3
   691 | D:1      | You fall through a shaft!
   691 | D:2      | Found an ancient bone altar of Kikubaaqudgha.
   902 | D:2      | Noticed Robin
   906 | D:2      | Killed Robin
  1181 | D:2      | Reached XP level 4. HP: 40/40 MP: 4/4
  1247 | D:2      | Found a burning altar of Makhleb.
  1355 | D:2      | Found a stormy altar of Qazlal.
  1435 | D:2      | Found a radiant altar of Vehumet.
  1445 | D:2      | Noticed Terence
  1461 | D:2      | Killed Terence
  1461 | D:2      | Reached skill level 4 in Axes
  1843 | D:3      | Reached XP level 5. HP: 34/46 MP: 5/5
  2078 | D:3      | Found a bloodstained altar of Trog.
  2086 | D:3      | Noticed Natasha
  2096 | D:3      | Killed Natasha
  2096 | D:3      | Reached skill level 5 in Axes
  2105 | D:3      | Noticed Purgy
  2146 | D:3      | Killed Purgy
  2146 | D:3      | Reached skill level 1 in Dodging
  2146 | D:3      | Reached XP level 6. HP: 18/53 MP: 6/6
  2229 | D:3      | Noticed Natasha
  2237 | D:3      | Killed Natasha
  2248 | D:3      | Noticed Natasha
  2263 | D:3      | Killed Natasha
  2340 | D:4      | Found Zin's Purification Station.
  2349 | D:4      | Reached skill level 6 in Axes
  2349 | D:4      | Reached XP level 7. HP: 31/60 MP: 7/7
  2350 | D:4      | Found a glowing silver altar of Zin.
  2379 | D:4      | Reached skill level 5 in Shields
  3020 | D:5      | Entered Level 5 of the Dungeon
  3196 | D:5      | Reached skill level 7 in Axes
  3251 | D:5      | Reached skill level 1 in Stealth
  3339 | D:5      | Reached skill level 5 in Fighting
  3396 | D:5      | Became a worshipper of Beogh the Brigand
  3430 | D:5      | HP: 3/61 [poisoned by a worker ant]
  3436 | D:5      | HP: 3/61 [poisoned by a worker ant]
  3457 | D:5      | HP: 3/61 [poisoned by a worker ant]
  3462 | D:5      | HP: 3/61 [poisoned by a worker ant]
  3464 | D:6      | Noticed Prince Ribbit
  3467 | D:6      | HP: 3/61 [poisoned by a worker ant]
  3469 | D:6      | HP: 1/61 [centaur/arrow (4)]
  3470 | D:6      | Succumbed to a worker ant's poison

Skill      XL: |  1  2  3  4  5  6  7 |
---------------+----------------------+-----
Axes           | 3 4 5 6 7 |  7.4
Fighting       | 4 5 |  5.0
Armour         | 4 |  4.7
Shields        | 4 5 |  5.5
Dodging        | 1 2 |  2.3
Stealth        | 1 |  1.0

Action                   |  1- 3 |  4- 6 |  7- 9 || total
-------------------------+-------+-------+-------++-------
Melee: War axe           |    72 |    95 |       ||   167
       Hand axe          |       |    93 |   119 ||   212
Invok: Convert to Beogh  |       |       |     1 ||     1
  Use: Potion            |       |     3 |       ||     3
 Stab: Sleeping          |       |       |     3 ||     3
  Eat: Fruit             |     1 |       |       ||     1
       Chunk             |       |     2 |     1 ||     3
       Bread ration      |       |     1 |       ||     1
Armor: Scale mail        |    33 |   102 |       ||   135
       Troll leather arm |       |     4 |    23 ||    27
Dodge: Dodged            |    28 |    62 |    39 ||   129
Block: Shield            |    30 |   102 |    50 ||   182
